 Dungeon Crawl Stone Soup version 0.18-b1-16-g289874d (webtiles) character file.

516 Inkary the Skirmisher (level 7, 0/61 HPs)
             Began as a Pale Draconian Fighter on May 1, 2016.
             Slain by Grinder (6 damage)
             ... on level 4 of the Dungeon.
             The game lasted 00:08:20 (2922 turns).

Inkary the Skirmisher (Pale Draconian Fighter)      Turns: 2922, Time: 00:08:21

Health: 0/61       AC:  6    Str: 15 (18) XL:     7   Next: 0%
Magic:  7/7        EV: 10    Int:  6 (9)  God:
Gold:   195        SH:  9    Dex:  9 (12) Spells: 0 memorised, 6 levels left

rFire  + . .     SeeInvis .     a - +0 war axe
rCold  + . .     Gourm    .     (armour unavailable)
rNeg   . . .     Faith    .     b - +0 shield
rPois  +         Spirit   .     (helmet restricted)
rElec  +         Dismiss  .     (no cloak)
rCorr  +         Reflect  .     (no gloves)
SustAt .         Harm     .     (no boots)
MR     .....                    (no amulet)
Stlth  +.........               (no ring)
                                (no ring)

@: resistant, flying, not resistant to hostile enchantments, very unstealthy
A: breathe steam, unfitting armour, cold-blooded, AC +6
a: Breathe Steam


You were on level 4 of the Dungeon.
You were not hungry.

You visited 1 branch of the dungeon, and saw 4 of its levels.

You collected 195 gold pieces.

Inventory:

Hand Weapons
 a - a +0 war axe (weapon)
Armour
 b - a +0 shield (worn)
Jewellery
 u - an uncursed ring of protection from magic {unknown}
Wands
 k - a wand of polymorph (9/24)
Scrolls
 f - 3 scrolls of remove curse {unknown}
 h - 5 scrolls of identify {unknown}
 m - a scroll of enchant armour {unknown}
 p - a scroll of blinking {unknown}
Potions
 c - a potion of might
 i - a potion of lignification {unknown}
 j - a potion of haste {unknown}
 l - a potion of resistance
 n - a potion of berserk rage {unknown}
 o - a potion of degeneration
 q - a potion of heal wounds {unknown}
Books
 r - a book of Flames

   Spells                             Type                      Level
   a - Flame Tongue                   Conjuration/Fire             1
   b - Throw Flame                    Conjuration/Fire             2
   c - Conjure Flame                  Conjuration/Fire             3
   d - Inner Flame                    Hexes/Fire                   3
   e - Sticky Flame                   Conjuration/Fire             4
   f - Fireball                       Conjuration/Fire             5
Comestibles
 d - 2 bread rations
 g - a slice of pizza
 s - a meat ration
 t - 3 chunks of flesh


   Skills:
 - Level 5.5 Fighting
 + Level 4.8 Axes
 - Level 2.6 Dodging
 + Level 5.1 Shields
 + Level 0.0 Spellcasting
 + Level 0.0 Evocations


You had 6 spell levels left.
You didn't know any spells.

Dungeon Overview and Level Annotations

Branches:
Dungeon (4/15)
 Temple: D:4-7

Altars:
Ashenzari
Dithmenos
Fedhas
Gozag
Kikubaaqudgha
Nemelex Xobeh
Qazlal
Sif Muna

Annotations:
D:4 Grinder


Innate Abilities, Weirdness & Mutations

You can breathe blasts of scalding, opaque steam.
Your pale cyan-grey scales are hard (AC +6).
Your body does not fit into most forms of armour.
You are cold-blooded and may be slowed by cold attacks.


Message History

You are too injured to fight recklessly!
You barely miss Grinder.
Grinder is severely wounded.
You block Grinder's attack.
Grinder blinks!
You slash Grinder! You tail-slap Grinder.
Grinder is almost dead.
Grinder hits you.
* * * LOW HITPOINT WARNING * * *
You writhe in agony.
* * * LOW HITPOINT WARNING * * *
You closely miss Grinder.
Grinder is almost dead.
Grinder hits you.
* * * LOW HITPOINT WARNING * * *
You writhe in agony.
* * * LOW HITPOINT WARNING * * *
You completely miss Grinder.
Your tail-slap misses Grinder.
Grinder is almost dead.
You block Grinder's attack. Grinder hits you.
You die...

#### ..# #%# #.##########
+.5@........ #.##########
+. #.#
##...#.##################
..........................
...#+##^...............###
################.# ###'###
###########......


You could see Grinder.

Vanquished Creatures
  Sigmund (D:2)
  The ghost of skk the Sneak, an amateur DsAs (D:3)
  A jelly (D:1)
  Jessica (D:3)
  Ijyb (D:3)
  2 worker ants
  A hound skeleton (D:4)
  5 adders
  7 oozes
  4 worms
  A giant gecko (D:3)
  6 orcs
  2 ball pythons (D:3)
  3 giant cockroaches
  4 goblins
  6 hobgoblins
  9 jackals
  2 quokkas (D:2)
  6 bats
  A giant newt (D:1)
  6 kobolds
  7 rats
77 creatures vanquished.

Notes
Turn   | Place    | Note
--------------------------------------------------------------
     0 | D:1      | Inkary the Draconian Fighter began the quest for the Orb.
     0 | D:1      | Reached XP level 1. HP: 19/19 MP: 1/1
     0 | D:1      | Noticed a jelly
     1 | D:1      | Found a runed door.
    15 | D:1      | Reached XP level 2. HP: 24/26 MP: 2/2
    34 | D:1      | Reached XP level 3. HP: 20/33 MP: 3/3
    58 | D:1      | Reached XP level 4. HP: 25/40 MP: 4/4
   637 | D:2      | Noticed Sigmund
   651 | D:2      | Killed Sigmund
   651 | D:2      | Reached XP level 5. HP: 31/47 MP: 5/5
   960 | D:2      | Found a shattered altar of Ashenzari.
   962 | D:2      | Found a stormy altar of Qazlal.
   963 | D:2      | Found an ancient bone altar of Kikubaaqudgha.
   963 | D:2      | Found a blossoming altar of Fedhas.
   964 | D:2      | Found an opulent altar of Gozag.
   964 | D:2      | Found a shadowy altar of Dithmenos.
   964 | D:2      | Found a sparkling altar of Nemelex Xobeh.
   965 | D:2      | Found a deep blue altar of Sif Muna.
  1346 | D:2      | Reached XP level 6. HP: 54/55 MP: 6/6
  1479 | D:3      | Noticed Jessica
  1479 | D:3      | Noticed skk's ghost (amateur DsAs)
  1632 | D:3      | Killed Jessica
  1632 | D:3      | Reached skill level 5 in Fighting
  1825 | D:3      | Killed skk's ghost
  2226 | D:3      | Noticed Ijyb
  2239 | D:3      | Killed Ijyb
  2239 | D:3      | Reached skill level 5 in Shields
  2293 | D:3      | Found a faded altar to an unknown god.
  2872 | D:4      | Your scales start taking on a pale cyan-grey colour.
  2872 | D:4      | Reached XP level 7. HP: 61/61 MP: 7/7
  2900 | D:4      | Noticed Grinder
  2922 | D:4      | Slain by Grinder

Skill      XL: |  1  2  3  4  5  6 |
---------------+-------------------+-----
Fighting       | 4 5 |  5.5
Axes           | 3 4 |  4.8
Shields        | 4 5 |  5.1
Dodging        | |  2.6

Action                   |  1- 3 |  4- 6 |  7- 9 || total
-------------------------+-------+-------+-------++-------
Melee: War axe           |    36 |   227 |    15 ||   278
       Tailslap          |     7 |    26 |     3 ||    36
       Unarmed           |       |    11 |       ||    11
  Use: Potion            |       |       |     3 ||     3
  Eat: Chunk             |       |     7 |       ||     7
Armor: Skin              |     7 |    88 |     1 ||    96
Dodge: Dodged            |    19 |   105 |     4 ||   128
Block: Shield            |    17 |   130 |     5 ||   152
